 Dungeon Crawl Stone Soup version 0.31-a0-965-g8a8ce12e04 (webtiles) character file.

Game seed: 9604668320208221354

43785 Strat the Warrior (level 14, -23/144 HPs)
             Began as a Hill Orc Gladiator on Oct 25, 2023.
             Was a High Priest of Okawaru.
             Annihilated by Rupert
             ... wielding a +4 heavy great mace
              (42 damage)
             ... on level 4 of the Lair of Beasts on Oct 26, 2023.
             The game lasted 00:37:42 (18502 turns).

Strat the Warrior (Hill Orc Gladiator)             Turns: 18502, Time: 00:37:43

Health: -23/144    AC: 28    Str: 22    XL:     14   Next: 25%
Magic:  14/21      EV: 11    Int: 14    God:    Okawaru [*****.]
Gold:   1079       SH:  0    Dex: 12    Spells: 13/13 levels left

rFire   . . .        a - +4 flail (freeze)
rCold   + . .        (no shield)
rNeg    . . .        h - +1 chain mail {rC+}
rPois   .            c - +1 helmet
rElec   .            J - +0 cloak
rCorr   .            D - +2 pair of gloves
SInv    .            M - +0 pair of boots
Will    ++...        K - amulet of regeneration Stlth
                     u - +4 ring of protection
HPRegen 1.24/turn    I - +6 ring of intelligence
MPRegen 0.17/turn

%: no passive effects
@: mighty, heroic, finesse-ful, enlightened, flying
A: no striking features
a: Renounce Religion, Heroism, Finesse, Duel


You were on level 4 of the Lair of Beasts.
You worshipped Okawaru.
Okawaru was extremely pleased with you.
You visited 2 branches of the dungeon, and saw 17 of its levels.
You also visited: Sewer.

You collected 1079 gold pieces.

Inventory:

Hand Weapons
 a - a +4 flail of freezing (weapon)
 y - a +1 flail
 F - a +2 orcbow of freezing
 S - the +1 great sword of Blood {freeze, rF+ rCorr}
   (You found it on level 2 of the Lair of Beasts)

   rF+:       It protects you from fire.
   rCorr:     It protects you from acid and corrosion.
Missiles
 d - 3 curare-tipped darts
 e - a javelin
 j - 20 poisoned darts
 q - a throwing net (quivered)
 B - 7 boomerangs
 R - 8 silver javelins
 U - 2 darts of dispersal
Armour
 c - a +1 helmet (worn)
 h - a +1 chain mail of cold resistance (worn)
 D - a +2 pair of gloves (worn)
 E - the +4 ring mail of the Hundredfold Beds {rCorr}
   (You found it on level 3 of the Dungeon)

   rCorr:     It protects you from acid and corrosion.
 J - a +0 cloak (worn)
 M - a +0 pair of boots (worn)
Jewellery
 k - an amulet of guardian spirit
 n - a ring of flight
 o - an amulet of reflection
 u - a +4 ring of protection (left hand)
 v - an amulet of magic regeneration
 I - a +6 ring of intelligence (right hand)
 K - an amulet of regeneration (around neck)
Wands
 i - a wand of paralysis (14)
 l - a wand of polymorph (16)
 w - a wand of flame (31)
 T - a wand of roots (6)
Scrolls
 g - a scroll of teleportation
 m - 3 scrolls of enchant armour
 t - a scroll of fear
 z - 2 scrolls of revelation
 G - 3 scrolls of immolation
 O - 2 scrolls of identify
 P - 2 scrolls of fog
Potions
 b - 5 potions of mutation
 f - a potion of attraction
 p - a potion of ambrosia
 r - 5 potions of enlightenment
 s - 4 potions of magic
 x - 2 potions of lignification
 A - 2 potions of brilliance
 C - 3 potions of cancellation
 H - a potion of invisibility {unknown}
 N - a potion of heal wounds
 Q - 2 potions of resistance


   Skills:
 + Level 18.5(23.5) Fighting
 - Level 3.2(8.2) Maces & Flails
 + Level 10.3(15.3) Throwing
 - Level 10.0(15.0) Armour
 - Level 2.4(7.4) Dodging
 - Level 10.0 Invocations
 - Level 10.0 Evocations


You had 13 spell levels left.
You didn't know any spells.
Your spell library contained the following spells:

 Spells                   Type           Power      Damage    Failure   Level
 Shock                    Conj/Air       0%         1d3       73%         1
 Cigotuvi's Dreadful Rot  Necr/Pois/Air  0%         N/A       86%         2
 Lesser Beckoning         Tloc           0%         N/A       86%         2
 Wereblood                Tmut           0%         N/A       86%         2
 Gell's Gravitas          Tloc           0%         N/A       97%         3
 Swiftness                Air            0%         N/A       97%         3
 Teleport Other           Tloc           0%         N/A       97%         3
 Airstrike                Air            0%         2d(0-16)  100%        4
 Anguish                  Hex/Necr       0%         N/A       100%        4
 Cause Fear               Hex            0%         N/A       100%        4
 Dispel Undead            Necr           0%         3d6       100%        4
 Irradiate                Conj/Tmut      0%         3d11      100%        5
 Enfeeble                 Hex            0%         N/A       100%        7
 Death Channel            Necr           Unusable   N/A       N/A         6

Dungeon Overview and Level Annotations

Branches:
Dungeon (13/15)            Temple (0/1) D:7            Lair (4/5) D:10
  Swamp (0/4) Lair:2        Snake (0/4) Lair:2          Orc (0/2) D:12
 Vaults (0/5) D:13          Sewer (visited)
  Slime: Lair:4-5

Altars:
Ashenzari
Cheibriados
Dithmenos
Elyvilon
Fedhas
Gozag
Nemelex Xobeh
Okawaru
Sif Muna
Trog
Uskayaw
Wu Jian
Xom
Yredelemnul

Shops:
D:13 (

Annotations:
D:6 Jeremiah
D:9 3 runed translucent doors, RandomusNamus's ghost, novice MiRe
Lair:4 Rupert


Message History

Aiming: Fastroot
Press: ? - help, Shift-Dir - straight line, f - Rupert
Aim: Rupert, wielding a +4 heavy great mace and wearing a +4 scale mail of fire resistance (moderately wounded, berserk, constricted by roots)
The roots erupt in riotous growth!
Rupert is unaffected.
The grasping roots constrict Rupert!
The roots release their grip on Rupert.
Unknown command.
Aiming: Fastroot
Press: ? - help, Shift-Dir - straight line, f/p - Rupert
Aim: Rupert, wielding a +4 heavy great mace and wearing a +4 scale mail of fire resistance (moderately wounded, berserk)
The roots erupt in riotous growth!
Roots grab Rupert.
The grasping roots constrict Rupert, but do no damage.
Rupert struggles to escape constriction.
Rupert escapes!
You feel very mighty all of a sudden.
Rupert hits you with a +4 heavy great mace!!
You gain the combat prowess of a mighty hero.
Rupert hits you with a +4 heavy great mace!!
* * * LOW HITPOINT WARNING * * *
You can now deal lightning-fast blows.
Rupert hits you with a +4 heavy great mace!!
* * * LOW HITPOINT WARNING * * *
You bludgeon Rupert!! You freeze Rupert.
Rupert is heavily wounded.
Rupert hits you with a +4 heavy great mace!!
* * * LOW HITPOINT WARNING * * *
You sock Rupert! You freeze Rupert.
Rupert is heavily wounded.
You sock Rupert! You freeze Rupert.
Rupert is heavily wounded.
You sock Rupert! You freeze Rupert.
Rupert is severely wounded.
Rupert barely misses you.
You sock Rupert! You freeze Rupert.
Rupert is severely wounded.
You barely miss Rupert.
Rupert is severely wounded.
Rupert hits you with a +4 heavy great mace!!!
You die...
Rupert roars with triumph.

#.#.##.. ###......
#...^.... #...P...
###....♣ ######..#.# #.
#######..##..####
.#...######..#........##
#
........†@@...........#
........####.#.###....#
P........ ####.###...#
##....#.## ### #...#
##...#.# ##..### ###..##
##..P.### # . #.......#
. #.....<.# #...####...


You could see Rupert (berserk).

Vanquished Creatures
  An eleionoma (Lair:2)
  An entropy weaver (shapeshifter) (D:13)
  A hydra (Lair:3)
  Erica (D:9)
  2 two-headed ogres
  A centaur warrior (D:13)
  15 death yaks
  2 skysharks
  3 skeletal warriors
  A deep elf pyromancer (D:13)
  A deep elf zephyrmancer (D:8)
  A manticore (D:12)
  An ugly thing (D:11)
  A cyclops (D:12)
  4 elephants (Lair:1)
  2 black mambas
  Maurice (D:9)
  7 cane toads
  2 gargoyles
  2 unseen horrors
  6 rime drakes
  9 komodo dragons
  2 polar bears
  2 trolls
  Prince Ribbit (Lair:3)
  A hornet (D:8)
  10 blink frogs
  3 shadows
  18 yaks
  2 wyverns
  A basilisk (Lair:4)
  A vampire (D:13)
  2 unseen horror simulacra (D:10)
  6 vampire mosquitoes
  3 steam dragons
  2 nagas (Lair:2)
  2 acid dragons
  17 water moccasins
  2 swamp drakes (Lair:4)
  5 black bears
  3 ice beasts
  6 orc warriors
  11 wolves
  10 centaurs
  4 kobold brigands
  A gnoll sergeant (D:5)
  6 bullfrogs
  A scorpion (D:7)
  26 wights
  6 killer bees (D:9)
  3 howler monkeys
  4 crimson imps (D:4)
  5 hounds
  2 gnoll boudas
  A jelly (D:6)
  6 orc priests
  4 iguanas
  11 orc wizards
  3 centaur simulacra (D:10)
  Robin (D:3)
  19 gnolls
  5 adders
  4 river rats
  2 shadow imps
  2 white imps
  5 ufetubi
  3 worms
  2 dart slugs
  33 orcs
  3 bats
  11 endoplasms
  2 giant cockroaches
  5 hobgoblins
  6 jackals
  17 kobolds
  2 quokkas
  3 ball pythons
  3 frilled lizards
  16 goblins
  8 rats
410 creatures vanquished.

Notes
Turn   | Place    | Note
-------+----------+-------------------------------------------
     0 | D:1      | Strat the Hill Orc Gladiator began the quest for the Orb.
     0 | D:1      | Reached XP level 1. HP: 18/18 MP: 1/1
    53 | D:1      | Reached skill level 3 in Fighting
    59 | D:1      | Reached XP level 2. HP: 25/26 MP: 2/2
   107 | D:1      | Found a faded altar of an unknown god.
   705 | D:1      | Reached skill level 4 in Fighting
   906 | D:1      | Reached XP level 3. HP: 32/33 MP: 3/3
  1071 | D:2      | You fall into a shaft and drop 1 floor!
  1103 | D:3      | Noticed Robin
  1159 | D:3      | Found a glowing drain.
  1169 | Sewer    | Entered a sewer
  1190 | Sewer    | Reached skill level 5 in Fighting
  1313 | Sewer    | Noticed a kobold brigand
  1344 | Sewer    | Reached XP level 4. HP: 42/42 MP: 4/4
  1374 | Sewer    | Killed a kobold brigand
  1375 | Sewer    | Reached XP level 5. HP: 44/49 MP: 5/5
  1409 | Sewer    | Noticed a kobold brigand
  1454 | Sewer    | Killed a kobold brigand
  1455 | Sewer    | Reached skill level 6 in Fighting
  1550 | Sewer    | Found a white marble altar of Elyvilon.
  1780 | D:2      | Reached XP level 6. HP: 31/57 MP: 4/6
  2597 | D:3      | Killed Robin
  2737 | D:3      | Identified the +4 ring mail of the Hundredfold Beds {rCorr}
  2828 | D:3      | Found a blossoming altar of Fedhas.
  2896 | D:3      | Found a white marble altar of Elyvilon.
  2899 | D:3      | Found a shadowy altar of Dithmenos.
  2901 | D:3      | Found a hide-covered altar of Uskayaw.
  2911 | D:3      | Found a basalt altar of Yredelemnul.
  2995 | D:3      | Reached skill level 7 in Fighting
  3205 | D:4      | Reached XP level 7. HP: 64/66 MP: 7/7
  3555 | D:4      | Reached skill level 5 in Armour
  3720 | D:4      | Found a shimmering altar of Xom.
  3737 | D:4      | Reached skill level 8 in Fighting
  4069 | D:4      | Reached skill level 9 in Fighting
  4069 | D:4      | Reached XP level 8. HP: 56/78 MP: 6/8
  4251 | D:5      | Entered Level 5 of the Dungeon
  4580 | D:5      | Found a snail-covered altar of Cheibriados.
  4748 | D:5      | Reached skill level 10 in Fighting
  4748 | D:5      | Reached skill level 1 in Evocations
  5096 | D:5      | Found a bloodstained altar of Trog.
  5791 | D:6      | Found an iron altar of Okawaru.
  5798 | D:6      | Noticed Jeremiah
  5806 | D:6      | Became a worshipper of Warmaster Okawaru
  6213 | D:7      | Reached XP level 9. HP: 53/86 MP: 6/9
  6611 | D:7      | Reached skill level 11 in Fighting
  7096 | D:7      | Reached * piety under Okawaru
  7332 | D:7      | Found a staircase to the Ecumenical Temple.
  7649 | D:8      | Found an opulent altar of Gozag.
  7828 | D:8      | Reached skill level 5 in Evocations
  8040 | D:8      | Found a broken altar of Ashenzari.
  8043 | D:8      | Found a sparkling altar of Nemelex Xobeh.
  8048 | D:8      | Found an ornate altar of the Wu Jian Council.
  8050 | D:8      | Found a shimmering blue altar of Sif Muna.
  8076 | D:8      | Reached skill level 12 in Fighting
  8297 | D:8      | Reached XP level 10. HP: 74/87 MP: 3/10
  8833 | D:8      | Noticed a deep elf zephyrmancer
  8837 | D:8      | Killed a deep elf zephyrmancer
  8837 | D:8      | Reached ** piety under Okawaru
  8838 | D:8      | Reached skill level 13 in Fighting
  9012 | D:9      | Identified the +1 robe of Jajiwanish {Drain rC+ Int+5}
  9144 | D:9      | Reached skill level 1 in Invocations
  9380 | D:9      | Noticed a purple ugly thing
  9380 | D:9      | Noticed a cyclops
  9390 | D:9      | Noticed a two-headed ogre
  9401 | D:9      | Killed a two-headed ogre
  9600 | D:9      | Noticed a green ugly thing
  9600 | D:9      | Noticed a boulder beetle
  9600 | D:9      | Noticed a white ugly thing
  9601 | D:9      | Noticed a four-headed hydra
  9601 | D:9      | Identified the +7 quarterstaff of Scorn {heavy, rPois SInv}
  9605 | D:9      | Noticed Maurice
  9609 | D:9      | Something stole a +6 ring of intelligence
  9612 | D:9      | Something stole 7 boomerangs
  9618 | D:9      | Something stole a +2 orcbow of freezing
  9619 | D:9      | Something stole 514 gold
  9635 | D:9      | Killed Maurice
  9635 | D:9      | Reached *** piety under Okawaru
  9697 | D:9      | Noticed a four-headed hydra
  9933 | D:9      | Found a runed translucent gate.
  9933 | D:9      | Found a runed translucent gate.
  9938 | D:9      | Found a runed translucent gate.
  9940 | D:9      | Noticed RandomusNamus's ghost (novice MiRe)
 10078 | D:9      | Noticed Erica
 10143 | D:9      | Reached **** piety under Okawaru
 10199 | D:9      | Reached XP level 11. HP: 107/108 MP: 14/14
 10377 | D:9      | Killed Erica
 10378 | D:9      | Reached skill level 10 in Armour
 10378 | D:9      | Reached skill level 5 in Invocations
 10546 | D:10     | Entered Level 10 of the Dungeon
 10592 | D:10     | Reached skill level 14 in Fighting
 10801 | D:10     | Noticed a two-headed ogre
 10828 | D:10     | Killed a two-headed ogre
 10906 | D:10     | HP: 5/110 [yak (7)]
 11151 | D:10     | Found a staircase to the Lair.
 11674 | D:10     | Noticed a sphinx
 12082 | D:11     | Reached ***** piety under Okawaru
 12119 | D:11     | Noticed a white ugly thing
 12130 | D:11     | Killed a white ugly thing
 12533 | D:12     | Noticed a cyclops
 12549 | D:12     | Killed a cyclops
 12550 | D:12     | Reached XP level 12. HP: 103/117 MP: 19/19
 12586 | D:12     | Reached skill level 10 in Invocations
 12702 | D:12     | Found a staircase to the Orcish Mines.
 12765 | D:12     | Received a gift from Okawaru
 13130 | D:12     | Reached skill level 10 in Evocations
 13304 | D:13     | Found Yhaos's Weapon Shop.
 13308 | D:13     | Noticed a centaur warrior
 13315 | D:13     | Killed a centaur warrior
 13628 | D:13     | Noticed an entropy weaver
 13663 | D:13     | Killed an entropy weaver
 13864 | D:13     | Found a gate to the Vaults.
 13864 | D:13     | Noticed a vault guard
 13864 | D:13     | Noticed a vault guard
 13864 | D:13     | Noticed a vault guard
 13864 | D:13     | Noticed a vault guard
 13864 | D:13     | Noticed a centaur warrior
 13880 | D:13     | Noticed a centaur warrior
 13985 | D:12     | Reached skill level 15 in Fighting
 13985 | D:12     | Reached skill level 5 in Throwing
 14083 | Lair:1   | Entered Level 1 of the Lair of Beasts
 14101 | Lair:1   | Noticed a death yak
 14128 | Lair:1   | Killed a death yak
 14281 | Lair:1   | Received a gift from Okawaru
 14426 | Lair:1   | Noticed a death yak
 14446 | Lair:1   | Killed a death yak
 14553 | Lair:1   | Reached XP level 13. HP: 99/128 MP: 20/20
 14664 | Lair:1   | Reached skill level 16 in Fighting
 14692 | Lair:1   | Received a gift from Okawaru
 15901 | Lair:2   | Found a staircase to the Snake Pit.
 16254 | Lair:2   | Received a gift from Okawaru
 16306 | Lair:2   | Reached skill level 17 in Fighting
 16333 | Lair:2   | Identified the +1 great sword of Blood {freeze, rF+ rCorr}
 16481 | Lair:2   | Noticed an eleionoma
 16497 | Lair:2   | Killed an eleionoma
 16520 | Lair:2   | Found a staircase to the Swamp.
 16939 | Lair:3   | Received a gift from Okawaru
 17272 | Lair:3   | Noticed Prince Ribbit
 17295 | Lair:3   | Killed Prince Ribbit
 17318 | Lair:3   | Upgraded the game from 0.31-a0-963-ga325b2283a to
                  | 0.31-a0-965-g8a8ce12e04
 17399 | Lair:2   | Reached XP level 14. HP: 106/141 MP: 21/21
 17496 | Lair:3   | Reached skill level 18 in Fighting
 17524 | Lair:3   | Received a gift from Okawaru
 17525 | Lair:3   | Reached skill level 10 in Throwing
 18478 | Lair:4   | Noticed Rupert
 18479 | Lair:4   | Paralysed by Rupert for 5 turns
 18502 | Lair:4   | Annihilated by Rupert

Illustrated notes

Levels and vault maps discovered:
D:1:      dpeg_arrival_fog, layout_loops_ring, ebering_ecumenical_altar_hall,
          serial_bayou, serial_bayou_pond_a, serial_bayou_lagoon_a,
          serial_bayou_shore_b, serial_bayou_shore_b, serial_bayou_crossing,
          serial_bayou_pond_a
D:2:      layout_basic
D:3:      layout_loops_ring, nicolae_overflow_hallway_of_the_gods,
          cheibrodos_sewer_entry_sluice, uniq_robin
D:4:      layout_basic, led_xom_imps
D:5:      layout_gridville, mainiacjoe_overflow_alcove_2, amcnicky_altar_gilded
D:6:      layout_rooms, okawaru_metal_pillars_1_2, minmay_strange_pillars,
          hangedman_decor_peaks_small, st_stairs_5, uniq_jeremiah
D:7:      nicolae_cairo_tiling_large_dashed, layout_loops_ring, temple_hall
D:8:      layout_gridville, nicolae_gozag_seed_capital,
          nicolae_overflow_macrodata_refinement, guppyfry_early_elven_hall
D:9:      layout_loops_corners, gammafunk_ghost_spectres, minivault_12,
          uniq_maurice, uniq_erica
D:10:     layout_basic, due_lair_maze_entry_diamond, serial_ice, serial_ice_f,
          serial_ice_d, serial_ice_c, serial_ice_e,
          onia_ninara_dug_in_and_dangerous
D:11:     layout_loops_ring
D:12:     layout_loops_ring, david_orc_3
D:13:     layout_basic, lightli_vaults_fourway_checkpoint, portal_ice_cave_rime,
          serial_shops, nicolae_take_the_stairs
Lair:1:   layout_roguey
Lair:2:   layout_loops_ring, alex1729_swamp_entry_worm_eleionoma,
          guppyfry_snake_entry_island, serial_bayou_shore_a, lemuel_fruit_fields
Lair:3:   layout_regular_city, serial_bayou_lagoon_b, grunt_megastairs_5,
          infiniplex_staircase_pool_2, uniq_prince_ribbit2
Lair:4:   layout_cave_pods, minmay_slime_entry_pillars, guppyfry_lair_drakes,
          uniq_rupert, uniq_kirke

Skill      XL: |  1  2  3  4  5  6  7  8  9 10 11 12 13 14 |
---------------+-------------------------------------------+-----
Fighting       | 3 4 5 6 7 9 10 12 13 14 15 17 18 | 18.5
Armour         | 2 3 4 5 6 8 9 10 | 10.0
Evocations     | 3 5 6 9 10 | 10.0
Invocations    | 4 9 10 | 10.0
Throwing       | 6 9 10 | 10.3
Maces & Flails | |  3.2
Dodging        | |  2.4

Action                     |  1- 3 |  4- 6 |  7- 9 | 10-12 | 13-15 || total
---------------------------+-------+-------+-------+-------+-------++-------
  Melee: Flail             |   142 |   198 |   546 |   680 |   549 ||  2115
         Punch             |       |     3 |     8 |    14 |    17 ||    42
  Throw: Throwing net      |       |     3 |       |     2 |       ||     5
         Dart              |       |       |       |     1 |       ||     1
 Invoke: Heroism           |       |       |     2 |     7 |     5 ||    14
         Finesse           |       |       |       |     1 |     1 ||     2
  Evoke: Wand              |       |       |     2 |    16 |     7 ||    25
    Use: Potion            |       |     2 |     2 |     9 |     6 ||    19
         Scroll            |       |       |    20 |     6 |     1 ||    27
   Stab: Sleeping          |     1 |       |       |       |       ||     1
         Held in net/web   |       |     1 |       |       |       ||     1
         Paralysed         |       |       |       |     5 |     6 ||    11
 Armour: Leather armour    |    32 |       |       |       |       ||    32
         Ring mail         |    88 |   129 |   412 |       |       ||   629
         Skin              |     1 |       |       |       |       ||     1
         Chain mail        |       |    38 |   159 |   983 |   665 ||  1845
  Dodge: Dodged            |   100 |    93 |   339 |   415 |   282 ||  1229

Table legend: (Time is in decaauts)
 A = Elapsed time spent in this place.
 B = Non-inter-level travel time spent in this place.
 C = Inter-level travel time spent in this place.
 D = Time resting spent in this place.
 E = Time spent auto-exploring this place.
 F = Levels seen in this place.
 G = Mean time per level.
                   A        B        C        D        E       F      G
               +--------+--------+--------+--------+--------+-----+--------+
         Total |  19185 |  18450 |    735 |   2215 |  10527 |  18 | 1065.8 |
       Dungeon |  14116 |  13600 |    516 |   1748 |   7750 |  13 | 1085.8 |
          Lair |   4559 |   4340 |    219 |    351 |   2592 |   4 | 1139.8 |
         Sewer |    509 |    509 |      0 |    116 |    185 |   1 |  509.0 |
               +--------+--------+--------+--------+--------+-----+--------+

Top non-repeatable levels by time:
     D:9: 1794 daAuts
     D:7: 1703 daAuts
  Lair:2: 1651 daAuts
     D:8: 1490 daAuts
  Lair:1: 1330 daAuts
  Lair:3: 1231 daAuts
     D:4: 1219 daAuts
     D:5: 1176 daAuts
    D:10: 1160 daAuts
     D:3: 1020 daAuts
     D:1: 945 daAuts
    D:12: 929 daAuts
     D:2: 856 daAuts
    D:11: 761 daAuts
    D:13: 706 daAuts
